 Dungeon Crawl Stone Soup version 0.19.1-1-g22dce08 (webtiles) character file.

130 esteth the Insei (level 5, 0/37 HPs)
             Began as a Merfolk Transmuter on Jan 15, 2017.
             Killed from afar by a white imp (7 damage)
             ... with a puff of frost
             ... summoned by Natasha
             ... on level 2 of the Dungeon.
             The game lasted 00:04:41 (1835 turns).

esteth the Insei (Merfolk Transmuter)               Turns: 1835, Time: 00:04:41

Health: 0/37       AC:  4    Str: 12    XL:     5   Next: 14%
Magic:  8/8        EV: 12    Int: 12    God:
Gold:   60         SH:  0    Dex: 14    Spells: 3 memorised, 2 levels left

rFire  . . .     SeeInvis .       - Unarmed
rCold  . . .     Gourm    .     e - +0 leather armour
rNeg   . . .     Faith    .     (no shield)
rPois  .         Spirit   .     (no helmet)
rElec  .         Reflect  .     (no cloak)
rCorr  .         Harm     .     (no gloves)
MR     .....                    h - +0 pair of boots
Stlth  +.........               (no amulet)
                                (no ring)
                                (no ring)

@: slowed, very slow
A: change form in water, swift swim, stealthy swim
a: no special abilities


You were on level 2 of the Dungeon.
You were not hungry.

You visited 1 branch of the dungeon, and saw 2 of its levels.

You collected 60 gold pieces.

Inventory:

Missiles
 a - 12 arrows (quivered)
Armour
 b - a +0 robe
 e - a +0 leather armour (worn)
 h - a +0 pair of boots (worn)
Scrolls
 f - 3 scrolls of identify {unknown}
 j - a scroll of fear {unknown}
 m - a scroll of remove curse {unknown}
Potions
 l - a potion of degeneration {unknown}
 n - a potion of heal wounds
Books
 c - a book of Changes

   Spells                             Type                      Level
   a - Beastly Appendage              Transmutation                1
   b - Sticks to Snakes               Transmutation                2
   c - Spider Form                    Transmutation/Poison         3
   d - Ice Form                       Ice/Transmutation            4
   e - Blade Hands                    Transmutation                5
Comestibles
 d - 2 bread rations
 g - 2 fruits
 i - a meat ration
 k - 5 chunks of flesh


   Skills:
 - Level 1.1 Fighting
 - Level 2.8 Dodging
 - Level 5.5 Unarmed Combat
 - Level 2.0 Spellcasting
 + Level 4.0 Transmutations


You had 2 spell levels left.
You knew the following spells:

 Your Spells              Type           Power        Failure   Level  Hunger
a - Beastly Appendage     Tmut           ##....       8%          1    ##.....
b - Sticks to Snakes      Tmut           ##......     12%         2    ###....
c - Spider Form           Tmut/Pois      #.........   45%         3    ####...


Dungeon Overview and Level Annotations

Branches:
Dungeon (2/15)

Altars:
Ashenzari
Uskayaw
Zin

Annotations:
D:2 Natasha


Message History

Natasha closely misses you.
You closely miss Natasha.
Natasha is almost dead.
Natasha barely misses you.
Natasha casts a spell.
You barely miss Natasha.
Natasha is almost dead.
Natasha claws you.
You hit Natasha but do no damage. Your punch misses Natasha.
Natasha is almost dead.
Natasha claws you!
* * * LOW HITPOINT WARNING * * *
You are too injured to fight recklessly!
You closely miss Natasha.
Natasha is almost dead.
Natasha claws you.
* * * LOW HITPOINT WARNING * * *
The white imp gestures at you. The puff of frost hits you!
You die...

#...#######.####..#.......#..#
#.#)..........)...#.......#..###
#.#########....#..#..._r..#....#
..#.# #.##.##.#.......#.##.#
###.# #.##.##.#.......#.##.##
###.#######.##....# #.##...
..................####.# #.##...
###.#######.#...h5...... ..##...
#.# ###....##@#. ####>.. ###.#
#...#.###.# #... ....# ##.###.#
#.## #... #[..###..# #.###..#
###. ..#.....## #......#########
#. #.#.##### ##.######......# #.
#...# #....# #......# #.
#..###### ##.##.# #......## #.
........####..##.# #.......# #.


You could see Natasha and a white imp.

Vanquished Creatures
  Jessica (D:2)
  Natasha (twice) (D:2)
  An adder (D:2)
  A worm (D:2)
  A dart slug (D:2)
  A giant cockroach (D:1)
  5 goblins
  7 hobgoblins
  2 jackals (D:1)
  3 kobolds
  2 ball pythons (D:1)
  9 bats
  2 frilled lizards (D:1)
  6 rats
43 creatures vanquished.

Notes
Turn   | Place    | Note
-------+----------+-------------------------------------------
     0 | D:1      | esteth the Merfolk Transmuter began the quest for the Orb.
     0 | D:1      | Reached XP level 1. HP: 15/15 MP: 3/3
   163 | D:1      | Reached XP level 2. HP: 14/21 MP: 5/5
   389 | D:1      | Reached skill level 4 in Unarmed Combat
   733 | D:1      | Learned a level 2 spell: Sticks to Snakes
   742 | D:1      | Reached XP level 3. HP: 26/26 MP: 6/6
   883 | D:2      | Noticed Jessica
   894 | D:2      | Killed Jessica
  1136 | D:2      | Found a shattered altar of Ashenzari.
  1150 | D:2      | Reached XP level 4. HP: 32/32 MP: 7/7
  1162 | D:2      | Noticed a hand axe
  1162 | D:2      | Found a hide-covered altar of Uskayaw.
  1162 | D:2      | Noticed a hand axe
  1164 | D:2      | Noticed Natasha
  1181 | D:2      | Killed Natasha
  1181 | D:2      | Reached skill level 5 in Unarmed Combat
  1493 | D:2      | Found a glowing silver altar of Zin.
  1494 | D:2      | Noticed an angel
  1509 | D:2      | Noticed Natasha
  1518 | D:2      | Killed Natasha
  1518 | D:2      | Reached XP level 5. HP: 26/37 MP: 6/8
  1682 | D:2      | Learned a level 3 spell: Spider Form
  1821 | D:2      | Noticed Natasha
  1835 | D:2      | Killed from afar by a white imp

Skill      XL: |  1  2  3  4  5 |
---------------+----------------+-----
Unarmed Combat | 4 5 |  5.5
Transmutations | 3 4 |  4.0
Fighting       | |  1.1
Dodging        | |  2.8
Spellcasting   | |  2.0

Action                   |  1- 3 |  4- 6 || total
-------------------------+-------+-------++-------
Melee: Unarmed           |    80 |    75 ||   155
       Headbutt          |     4 |     6 ||    10
       Punch             |     1 |     1 ||     2
 Cast: Beastly Appendage |     8 |     7 ||    15
  Eat: Chunk             |     1 |     2 ||     3
Armor: Robe              |    10 |       ||    10
       Leather armour    |     6 |    23 ||    29
Dodge: Dodged            |    58 |    62 ||   120
